 Dungeon Crawl Stone Soup version 0.26-a0-690-gcb57259078 (webtiles) character file.

Game seed: 14149642926467370624

88877 sahdkjhfkaj the Thaumaturge (level 15, -18/117 HPs)
             Began as a Gnoll Venom Mage on Oct 23, 2020.
             Was an Initiate of Gozag.
             Blown up by a great orb of eyes (30 damage)
             ... with a disintegration bolt
             ... on level 3 of the Abyss.
             The game lasted 01:06:06 (35588 turns).

sahdkjhfkaj the Thaumaturge (Gnoll Venom Mage)     Turns: 35588, Time: 01:06:07

Health: -18/117    AC: 12    Str: 17    XL:     15   Next: 95%
Magic:  30/30      EV: 19    Int: 23    God:    Gozag
Gold:   3384       SH: 12    Dex: 15    Spells: 17/36 levels left

rFire    + . .     SeeInvis +   i - +10 lance "Wyrmbane" {slay drac, rPois rF+ rC+ AC+3}
rCold    + + .     Faith    .   z - +0 kite shield
rNeg     + + +     Spirit   .   J - +2 robe {rC+}
rPois    +         Reflect  .   s - +2 hat {SInv}
rElec    +         Harm     .   f - +1 cloak
rCorr    .         Rampage  .   (no gloves)
MR       +....                  (no boots)
Stlth    +++++.....             l - amulet of magic regeneration
HPRegen  0.29/turn              O - ring of Wyares {rElec rPois rN++ MR- SInv}
MPRegen  0.47/turn              m - ring "Ybroz" {+Fly rN+ MR+ Str+7}

@: studying Axes
A: distributed training, fangs 1, clumsy 1, strong nose
a: Potion Petition, Call Merchant, Bribe Branch, Renounce Religion, Evoke Flight


You were on level 3 of the Abyss.
You worshipped Gozag.
Gozag was most pleased with you.
You visited 3 branches of the dungeon, and saw 21 of its levels.
You visited the Abyss 1 time.
You also visited: Ossuary and Gauntlet.

You collected 6111 gold pieces.
You spent 1170 gold pieces at shops.
You paid 1557 gold pieces to Gozag.

Inventory:

Hand Weapons
 i - the +10 lance "Wyrmbane" (weapon) {slay drac, rPois rF+ rC+ AC+3}
   (You took it off Maggie on level 7 of the Dungeon)

   It affects your AC (+3).
   It protects you from fire.
   It protects you from cold.
   It protects you from poison.
Missiles
 o - 17 curare-tipped darts (quivered)
Armour
 f - a +1 cloak (worn)
 s - a +2 hat of see invisible (worn)
 z - a +0 kite shield (worn)
 J - a +2 robe of cold resistance (worn)
Jewellery
 l - an amulet of magic regeneration (around neck)
 m - the ring "Ybroz" (right hand) {+Fly rN+ MR+ Str+7}
   (You found it in a Gauntlet)

   [ring of flight]

   It affects your strength (+7).
   It protects you from negative energy.
   It affects your resistance to hostile enchantments.
   It lets you fly.
 O - the ring of Wyares (left hand) {rElec rPois rN++ MR- SInv}
   (You found it in a Gauntlet)

   [ring of see invisible]

   It insulates you from electricity.
   It protects you from poison.
   It greatly protects you from negative energy.
   It affects your resistance to hostile enchantments.
   It lets you see invisible.
Wands
 h - a wand of iceblast (1)
 w - a wand of flame (42)
 y - a wand of paralysis (27)
 E - a wand of enslavement (13)
 L - a wand of acid (14)
 P - a wand of random effects (13)
 Q - a wand of disintegration (22)
 R - a wand of digging (5)
Scrolls
 c - 2 scrolls of fear
 d - 2 scrolls of magic mapping
 g - 2 scrolls of teleportation
 k - 2 scrolls of fog
 x - 7 scrolls of remove curse
 B - 4 scrolls of enchant armour
 D - 6 scrolls of identify
 F - 4 scrolls of torment
 H - 2 scrolls of vulnerability
 K - a scroll of enchant weapon
Potions
 a - 2 potions of lignification {!q}
 b - 2 potions of mutation {!q}
 e - 3 potions of stabbing {!q}
 j - 4 potions of curing {!q}
 n - a potion of brilliance {!q}
 q - 2 potions of flight {!q}
 r - 3 potions of haste {!q}
 t - 2 potions of berserk rage {!q}
 v - 2 potions of magic {!q}
 A - a potion of invisibility {!q}
 C - a potion of resistance {!q}
 G - 2 potions of cancellation {!q}
 M - a potion of might {!q}
 N - 4 potions of heal wounds {!q}
Books
 p - a manual of Axes
Miscellaneous
 u - a lightning rod (4/4)
 I - a tin of tremorstones (3/3)


   Skills:
 + Level 10.4 Fighting
 + Level 10.4 Short Blades
 + Level 10.4 Long Blades
 + Level 10.9 Axes
 + Level 10.4 Maces & Flails
 + Level 10.4 Polearms
 + Level 10.4 Staves
 + Level 10.4 Slings
 + Level 10.4 Bows
 + Level 10.4 Crossbows
 + Level 10.4 Throwing
 + Level 10.4 Armour
 + Level 11.3 Dodging
 + Level 11.1 Stealth
 + Level 10.4 Shields
 + Level 10.4 Unarmed Combat
 + Level 11.4 Spellcasting
 + Level 8.8 Conjurations
 + Level 8.8 Hexes
 + Level 8.8 Summonings
 + Level 8.8 Necromancy
 + Level 8.8 Translocations
 + Level 9.1 Transmutations
 + Level 8.8 Fire Magic
 + Level 8.8 Ice Magic
 + Level 8.8 Air Magic
 + Level 8.8 Earth Magic
 + Level 10.3 Poison Magic
 + Level 11.2 Invocations
 + Level 10.4 Evocations


You had 17 spell levels left.
You knew the following spells:

 Your Spells              Type           Power        Failure   Level
a - Sting                 Tmut/Pois      ####         1%          1
e - Mephitic Cloud        Conj/Pois/Air  ######..     1%          3
p - Poisonous Vapours     Pois/Air       ######       1%          2
w - Olgreb's Toxic Radia  Pois           ######..     1%          4
x - Ignite Poison         Fire/Tmut/Pois ######..     1%          3
S - Statue Form           Tmut/Erth      ######...    32%         6

Your spell library contained the following spells:

 Spells                   Type           Power        Failure   Level
 Corona                   Hex            ######.      1%          1
 Magic Dart               Conj           ####         1%          1
 Shock                    Conj/Air       ####         1%          1
 Summon Small Mammal      Summ           ####         1%          1
 Blink                    Tloc           N/A          1%          2
 Call Imp                 Summ           ######..     1%          2
 Slow                     Hex            ######..     1%          2
 Swiftness                Air            ######..     1%          2
 Conjure Flame            Conj/Fire      ######..     1%          3
 Frozen Ramparts          Ice            ######       1%          3
 Inner Flame              Hex/Fire       ######..     1%          3
 Portal Projectile        Hex/Tloc       ######       1%          3
 Spider Form              Tmut/Pois      ######....   1%          3
 Static Discharge         Conj/Air       ######..     1%          3
 Airstrike                Air            ######....   2%          4
 Cause Fear               Hex            ######....   2%          4
 Leda's Liquefaction      Hex/Erth       ######....   2%          4
 Bolt of Magma            Conj/Fire/Erth ######....   6%          5
 Lightning Bolt           Conj/Air       ######....   6%          5
 Eringya's Noxious Bog    Tmut/Pois      ######....   24%         6
 Freezing Cloud           Conj/Ice/Air   ######....   34%         6
 Iron Shot                Conj/Erth      ######....   34%         6
 Summon Hydra             Summ           ######....   89%         7
 Dragon's Call            Summ           ######....   100%        9
 Shatter                  Erth           ######....   100%        9


Dungeon Overview and Level Annotations

Branches:
Dungeon (14/15)            Temple (1/1) D:6            Lair (6/6) D:10
 Shoals (0/4) Lair:2       Spider (0/4) Lair:4        Slime (0/5) Lair:5
    Orc (0/2) D:11         Vaults (0/5) D:13        Ossuary (visited)
Gauntlet (visited)

Altars:
Ashenzari
Cheibriados
Dithmenos
Elyvilon
Fedhas
Gozag
Hepliaklqana
Kikubaaqudgha
Makhleb
Nemelex Xobeh
Okawaru
Qazlal
Ru
Sif Muna
Trog
Uskayaw
Vehumet
Wu Jian
Xom
Yredelemnul
Zin
The Shining One
Jiyva

Shops:
D:4 [   D:10 (   Lair:6 [:

Portals:
Trove: D:14 (give 5 scrolls of fear)

Annotations:
D:3 1 runed translucent door
D:5 exclusion: necrophage
D:8 2 transporters, exclusion: ugly thing, Firecrotchwizard's ghost, novice TrBe
D:9 exclusion: obsidian statue
D:13 2 transporters, lunkers's ghost, journeyman FoEE
Lair:2 exclusion: oklob plant
Lair:6 exclusion: oklob plant


Innate Abilities, Weirdness & Mutations

Your experience applies equally to all skills.
You have very sharp teeth.
Your uncanny sense of smell can sniff out nearby items.
You are clumsy. (Dex -2)


Message History

The great orb of eyes is moderately wounded.
The great orb of eyes bites you but does no damage.
You hit the great orb of eyes but do no damage.
The great orb of eyes is moderately wounded.
You hit the great orb of eyes.
You bite the great orb of eyes, but do no damage.
The great orb of eyes is moderately wounded.
The great orb of eyes misses you.
You puncture the great orb of eyes!
The great orb of eyes is heavily wounded.
The great orb of eyes gazes at you.
You are blasted!
* * * LOW HITPOINT WARNING * * *
You hit the great orb of eyes but do no damage.
The great orb of eyes is heavily wounded.
You puncture the great orb of eyes!
The great orb of eyes is severely wounded.
The great orb of eyes gazes at you.
You are blasted!
You die...

##### ∆ ## #
..#####
X.##...##@.# .
.. ###G# #.
###..##.##..
.# #.#. .#....
.# #.##. ..#.
##
#....###...# #
######.#.##..#
# .... . . #..
## .#....#.#


You could see a great orb of eyes.

Vanquished Creatures
  Jorgrun (D:12)
  Rupert (Lair:5)
  Gastronok (Lair:2)
  Kirke (D:12)
  A draconian shifter (Abyss:3)
  A minotaur (Gauntlet)
  Snorg (D:14)
  An ettin (D:11)
  Fannar (D:10)
  4 boulder beetles
  7 centaur warriors
  3 vault guards (D:13)
  8 hydras
  Erica (D:11)
  2 catoblepae
  2 two-headed ogres (D:11)
  5 death yaks
  A deep troll shaman (Lair:6)
  Urug (Lair:4)
  A queen ant (Lair:2)
  A thrashing horror (Abyss:3)
  A deep elf knight (D:13)
  A wizard (D:13)
  A lindwurm (Lair:6)
  Pikel (D:5)
  2 wolf spiders
  A wolf spider zombie (D:13)
  2 orc knights (D:13)
  An orb spider (Lair:2)
  4 ugly things (D:11)
  A deep elf mage (D:11)
  3 cyclopes
  A moth of wrath (Gauntlet)
  Psyche (D:11)
  9 elephants
  2 black mambas
  2 torpor snails
  4 gargoyles
  13 cane toads
  5 rime drakes
  Maggie (D:7)
  An efreet (D:13)
  9 komodo dragons
  A yaktaur (D:13)
  3 tengu conjurers
  2 polar bears
  A tyrant leech (Gauntlet)
  7 trolls
  A hornet (D:10)
  11 blink frogs (Lair:6)
  A snapping turtle (Lair:2)
  19 dream sheep (Lair:6)
  2 water elementals (D:12)
  44 yaks
  A vampire (D:12)
  3 redbacks (Gauntlet)
  A starcursed mass (Abyss:3)
  4 wraiths
  4 wyverns
  5 basilisks
  2 large abominations (Abyss:3)
  A basilisk (shapeshifter) (D:11)
  A vampire mosquito (D:11)
  6 hogs (D:12)
  6 soldier ants
  3 swamp worms (Gauntlet)
  11 water moccasins
  6 black bears
  A hornet zombie (D:9)
  An ice beast (D:10)
  2 sky beasts
  4 phantoms
  6 orc warriors
  4 eyes of draining
  17 centaurs
  8 ogres
  16 wolves
  2 small abominations (Abyss:3)
  22 bullfrogs
  A gnoll sergeant (D:9)
  2 wyvern skeletons (D:9)
  6 scorpions
  11 wights
  3 killer bees (D:10)
  9 electric eels
  2 howler monkeys
  2 bullfrog zombies
  2 centaur zombies
  A quasit (D:11)
  5 hounds
  A bullfrog skeleton (D:11)
  A gnoll shaman (D:10)
  3 jellies
  2 orc priests
  4 centaur skeletons
  2 iguanas
  8 orc wizards
  21 worker ants
  2 mummies
  2 worker ant zombies
  A howler monkey skeleton (D:5)
  14 gnolls
  18 adders
  4 shadow imps
  2 white imps
  An ufetubus (D:5)
  An ooze (D:4)
  An adder zombie (Ossuary)
  3 adder skeletons
  3 worms (D:2)
  12 leopard geckos
  30 orcs
  10 bats
  4 giant cockroaches
  9 goblins
  7 hobgoblins
  9 jackals
  6 quokkas
  5 frilled lizards
  7 hobgoblin zombies (Ossuary)
  A jackal skeleton (D:4)
  2 jackal zombies
  4 kobolds
  9 kobold zombies
  2 leopard gecko skeletons (D:7)
  8 orc zombies
  10 rats
  A rat zombie (Ossuary)
  3 butterflies (Lair:6)
617 creatures vanquished.

Vanquished Creatures (collateral kills)
  2 electric eels (Lair:1)
2 creatures vanquished.

Vanquished Creatures (others)
  4 demonic plants (Abyss:3)
  47 fungi
  53 plants
104 creatures vanquished.

Grand Total: 723 creatures vanquished

Notes
Turn   | Place    | Note
-------+----------+-------------------------------------------
     0 | D:1      | sahdkjhfkaj the Gnoll Venom Mage began the quest for the
                  | Orb.
     0 | D:1      | Reached XP level 1. HP: 13/13 MP: 6/6
   350 | D:1      | Reached XP level 2. HP: 19/19 MP: 5/7
   373 | D:1      | Learned a level 2 spell: Poisonous Vapours
  1148 | D:2      | Reached skill level 5 in Spellcasting
  1148 | D:2      | Reached XP level 3. HP: 21/25 MP: 0/9
  1361 | D:2      | Reached skill level 1 in Invocations
  1423 | D:2      | Reached skill level 1 in Fighting
  1423 | D:2      | Reached skill level 1 in Short Blades
  1423 | D:2      | Reached skill level 1 in Long Blades
  1423 | D:2      | Reached skill level 1 in Axes
  1423 | D:2      | Reached skill level 1 in Maces & Flails
  1423 | D:2      | Reached skill level 1 in Polearms
  1423 | D:2      | Reached skill level 1 in Staves
  1423 | D:2      | Reached skill level 1 in Slings
  1423 | D:2      | Reached skill level 1 in Bows
  1423 | D:2      | Reached skill level 1 in Crossbows
  1423 | D:2      | Reached skill level 1 in Throwing
  1423 | D:2      | Reached skill level 1 in Armour
  1423 | D:2      | Reached skill level 1 in Shields
  1423 | D:2      | Reached skill level 1 in Unarmed Combat
  1423 | D:2      | Reached skill level 1 in Evocations
  1529 | D:2      | Reached XP level 4. HP: 18/32 MP: 3/11
  2123 | D:2      | Reached skill level 1 in Conjurations
  2123 | D:2      | Reached skill level 1 in Hexes
  2123 | D:2      | Reached skill level 1 in Summonings
  2123 | D:2      | Reached skill level 1 in Necromancy
  2123 | D:2      | Reached skill level 1 in Translocations
  2123 | D:2      | Reached skill level 1 in Fire Magic
  2123 | D:2      | Reached skill level 1 in Ice Magic
  2123 | D:2      | Reached skill level 1 in Air Magic
  2123 | D:2      | Reached skill level 1 in Earth Magic
  2359 | D:3      | Found a glowing silver altar of Zin.
  2359 | D:3      | Noticed an angel
  2360 | D:3      | Found a runed translucent door.
  2518 | D:2      | Reached XP level 5. HP: 22/37 MP: 7/12
  2842 | D:3      | Found a blossoming altar of Fedhas.
  3266 | D:3      | Found a basalt altar of Yredelemnul.
  3554 | D:3      | Reached XP level 6. HP: 42/44 MP: 7/13
  3664 | D:3      | Reached skill level 5 in Dodging
  3940 | D:4      | Noticed a phantom
  3947 | D:4      | Learned a level 4 spell: Olgreb's Toxic Radiance
  3951 | D:4      | Learned a level 3 spell: Ignite Poison
  4028 | D:4      | Noticed a +0 dagger
  4029 | D:4      | Noticed a +0 hand axe
  4031 | D:4      | Found a hide-covered altar of Uskayaw.
  4340 | D:4      | Found Kawk's Armour Emporium.
  4365 | D:4      | Noticed a phantom
  4513 | D:4      | Reached XP level 7. HP: 50/50 MP: 2/15
  5120 | D:5      | Entered Level 5 of the Dungeon
  5120 | D:5      | Noticed Pikel
  5130 | D:5      | Killed Pikel
  5130 | D:5      | Reached skill level 5 in Stealth
  5130 | D:5      | Reached XP level 8. HP: 49/58 MP: 0/16
  5583 | D:5      | Found a radiant altar of Vehumet.
  5748 | D:5      | Found a sand-covered staircase.
  5758 | Ossuary  | Entered an ossuary
  6752 | D:6      | Found a shimmering blue altar of Sif Muna.
  6806 | D:6      | Found a staircase to the Ecumenical Temple.
  6817 | D:6      | Found a glowing silver altar of Zin.
  6817 | D:6      | Noticed an angel
  6823 | D:6      | Found a shimmering altar of Xom.
 13952 | Temple   | Entered the Ecumenical Temple
 14010 | Temple   | Became a worshipper of Gozag Ym Sagoz the Greedy
 14090 | D:7      | Reached XP level 9. HP: 65/65 MP: 17/18
 14386 | D:7      | Noticed Maggie
 14923 | D:7      | Found an ancient bone altar of Kikubaaqudgha.
 14924 | D:7      | Found a radiant altar of Vehumet.
 15269 | D:7      | Got a warped mace
 15270 | D:7      | Identified the +8 mace "Viodwuum" {drain, +Inv MR- Int+3}
                  | (You found it on level 7 of the Dungeon)
 15312 | D:7      | Killed Maggie
 15690 | D:8      | Found a transporter.
 15690 | D:8      | Noticed a hornet
 15694 | D:8      | Found a transporter.
 15694 | D:8      | Noticed Firecrotchwizard's ghost (novice TrBe)
 15865 | D:8      | Reached skill level 5 in Invocations
 16037 | D:8      | Noticed a white ugly thing
 16226 | D:8      | Found a bloodstained altar of Trog.
 16428 | D:8      | Found a white marble altar of Elyvilon.
 16621 | D:9      | Reached XP level 10. HP: 51/73 MP: 20/20
 16846 | D:9      | Noticed an obsidian statue
 17230 | D:9      | Reached skill level 5 in Fighting
 17230 | D:9      | Reached skill level 5 in Short Blades
 17230 | D:9      | Reached skill level 5 in Long Blades
 17230 | D:9      | Reached skill level 5 in Axes
 17230 | D:9      | Reached skill level 5 in Maces & Flails
 17230 | D:9      | Reached skill level 5 in Polearms
 17230 | D:9      | Reached skill level 5 in Staves
 17230 | D:9      | Reached skill level 5 in Slings
 17230 | D:9      | Reached skill level 5 in Bows
 17230 | D:9      | Reached skill level 5 in Crossbows
 17230 | D:9      | Reached skill level 5 in Throwing
 17230 | D:9      | Reached skill level 5 in Armour
 17230 | D:9      | Reached skill level 5 in Shields
 17230 | D:9      | Reached skill level 5 in Unarmed Combat
 17230 | D:9      | Reached skill level 5 in Evocations
 17576 | D:9      | Noticed a soul eater
 17727 | D:10     | Entered Level 10 of the Dungeon
 18036 | D:10     | Reached skill level 5 in Transmutations
 18246 | D:10     | Reached XP level 11. HP: 78/81 MP: 17/22
 18462 | D:10     | Found a staircase to the Lair.
 18542 | D:10     | Noticed Fannar
 18546 | D:10     | Killed Fannar
 18546 | D:10     | Reached skill level 5 in Conjurations
 18546 | D:10     | Reached skill level 5 in Hexes
 18546 | D:10     | Reached skill level 5 in Summonings
 18546 | D:10     | Reached skill level 5 in Necromancy
 18546 | D:10     | Reached skill level 5 in Translocations
 18546 | D:10     | Reached skill level 5 in Fire Magic
 18546 | D:10     | Reached skill level 5 in Ice Magic
 18546 | D:10     | Reached skill level 5 in Air Magic
 18546 | D:10     | Reached skill level 5 in Earth Magic
 18693 | D:10     | Found Kiyj's Weapon Emporium.
 18880 | Lair:1   | Entered Level 1 of the Lair of Beasts
 19789 | Lair:2   | Found a gate leading to a gauntlet.
 19795 | Gauntlet | Entered a Gauntlet
 19795 | Gauntlet | Found a transporter.
 19795 | Gauntlet | Found a transporter.
 19795 | Gauntlet | Found a transporter.
 19796 | Gauntlet | Found a transporter.
 19796 | Gauntlet | Noticed a catoblepas
 19799 | Gauntlet | Found a transporter.
 19799 | Gauntlet | Found a transporter.
 19809 | Gauntlet | Found a transporter.
 19811 | Gauntlet | Found a transporter.
 19813 | Gauntlet | Found a transporter.
 19815 | Gauntlet | Found a large runed translucent door.
 19816 | Gauntlet | Found a large runed translucent door.
 19817 | Gauntlet | Found a large runed translucent door.
 19817 | Gauntlet | Found a large runed translucent door.
 19817 | Gauntlet | Found a runed translucent door.
 19817 | Gauntlet | Found a runed translucent door.
 19818 | Gauntlet | Found a large runed translucent door.
 19818 | Gauntlet | Found a large runed translucent door.
 19818 | Gauntlet | Found a large runed translucent door.
 19818 | Gauntlet | Found a large runed translucent door.
 19819 | Gauntlet | Found a large runed translucent door.
 19819 | Gauntlet | Found a large runed translucent door.
 19820 | Gauntlet | Found a large runed translucent door.
 19820 | Gauntlet | Found a large runed translucent door.
 19821 | Gauntlet | Found a runed translucent gate.
 19821 | Gauntlet | Found a runed translucent gate.
 19821 | Gauntlet | Found a runed translucent gate.
 19821 | Gauntlet | Noticed a moth of wrath
 19823 | Gauntlet | Found a transporter.
 19823 | Gauntlet | Noticed a great orb of eyes
 19823 | Gauntlet | Noticed a wolf spider
 19834 | Gauntlet | Found a large runed translucent door.
 19835 | Gauntlet | Found a large runed translucent door.
 19844 | Gauntlet | Found a large runed translucent door.
 19844 | Gauntlet | Found a large runed translucent door.
 19928 | Gauntlet | Found a transporter.
 19938 | Gauntlet | Noticed a brown ugly thing
 19939 | Gauntlet | Noticed a green ugly thing
 19940 | Gauntlet | Found a transporter.
 20017 | Gauntlet | Killed a catoblepas
 20037 | Gauntlet | Got a slimy iron ring
 20165 | Gauntlet | Identified the ring of Wyares {rElec rPois rN++ MR- SInv}
                  | (You found it in a Gauntlet)
 20349 | Gauntlet | Got a fine golden ring
 20351 | Gauntlet | Identified the ring "Ybroz" {+Fly rN+ MR+ Str+7} (You found
                  | it in a Gauntlet)
 20470 | Gauntlet | Killed a wolf spider
 20471 | Gauntlet | Killed a moth of wrath
 20712 | Gauntlet | Noticed a minotaur
 20723 | Gauntlet | Killed a minotaur
 20777 | Gauntlet | Got an ancient scale mail
 20789 | Gauntlet | Identified the +0 scale mail of Tenacity {rPois} (You found
                  | it in a Gauntlet)
 21049 | Lair:2   | Noticed an oklob plant
 21058 | Lair:2   | Noticed a five-headed hydra
 21085 | Lair:2   | Noticed a queen ant
 21088 | Lair:2   | Reached XP level 12. HP: 89/89 MP: 16/24
 21092 | Lair:2   | Killed a queen ant
 21220 | Lair:2   | Noticed a five-headed hydra
 21237 | Lair:2   | Noticed Sonja
 21245 | Lair:2   | Noticed Gastronok
 21587 | Lair:2   | Noticed Sonja
 21587 | Lair:2   | Sonja changed into Sonja the orb spider
 21590 | Lair:2   | Killed Sonja the orb spider
 21854 | Lair:2   | Learned a level 3 spell: Mephitic Cloud
 22247 | Lair:2   | Killed Gastronok
 22563 | Lair:2   | Noticed a boulder beetle
 22563 | Lair:2   | a five-headed hydra changed into a boulder beetle
 22568 | Lair:2   | Killed a boulder beetle
 22658 | Lair:2   | Found a staircase to the Shoals.
 23186 | Lair:2   | Killed a five-headed hydra
 23435 | Lair:3   | Noticed a death yak
 23449 | Lair:3   | Killed a death yak
 23451 | Lair:3   | Reached XP level 13. HP: 81/98 MP: 6/26
 24789 | Lair:4   | Found a hole to the Spider Nest.
 24989 | Lair:4   | Noticed Urug
 24993 | Lair:4   | Killed Urug
 25934 | Lair:5   | Noticed Rupert
 25934 | Lair:5   | You fall into a shaft and drop 1 floor!
 25934 | Lair:6   | Entered Level 6 of the Lair of Beasts
 26085 | Lair:5   | Killed Rupert
 26164 | Lair:5   | Reached skill level 10 in Spellcasting
 26219 | Lair:4   | Got a jewelled chain mail
 26230 | Lair:4   | Identified the +7 chain mail of Prudence {*Contam +Blink
                  | rElec Stlth+} (You found it on level 4 of the Lair of
                  | Beasts)
 26256 | Lair:4   | Gained mutation: You are clumsy. (Dex -2) [mutagenic glow]
 26529 | Lair:5   | Found a viscous altar of Jiyva.
 26529 | Lair:5   | Found a staircase to the Slime Pits.
 27484 | Lair:6   | Reached XP level 14. HP: 81/106 MP: 22/28
 27714 | Lair:5   | Reached skill level 10 in Dodging
 28192 | Lair:6   | Reached skill level 10 in Stealth
 28522 | Lair:6   | Reached skill level 10 in Invocations
 30234 | Lair:6   | Got a faintly glowing halberd
 30235 | Lair:6   | Identified the +8 halberd "Neeff" {venom, Dex+5} (You found
                  | it on level 6 of the Lair of Beasts)
 30493 | Lair:6   | Bought a book of the Earth for 1170 gold pieces
 30500 | Lair:6   | Learned a level 6 spell: Statue Form
 30725 | D:11     | Identified the +1 leather armour of the Hart {rN+}
 30725 | D:11     | Noticed Psyche
 30728 | D:11     | Killed Psyche
 30729 | D:11     | Noticed Erica
 30747 | D:11     | Found a staircase to the Orcish Mines.
 31138 | D:11     | Killed Erica
 31328 | D:11     | Reached XP level 15. HP: 115/115 MP: 11/29
 31938 | D:11     | Reached skill level 10 in Poison Magic
 32176 | D:11     | Identified Waxzanoc's Almanac of Poisoning
 32633 | D:12     | Noticed Jorgrun
 32948 | D:12     | Killed Jorgrun
 32948 | D:12     | Reached skill level 10 in Fighting
 32948 | D:12     | Reached skill level 10 in Short Blades
 32948 | D:12     | Reached skill level 10 in Long Blades
 32948 | D:12     | Reached skill level 10 in Axes
 32948 | D:12     | Reached skill level 10 in Maces & Flails
 32948 | D:12     | Reached skill level 10 in Polearms
 32948 | D:12     | Reached skill level 10 in Staves
 32948 | D:12     | Reached skill level 10 in Slings
 32948 | D:12     | Reached skill level 10 in Bows
 32948 | D:12     | Reached skill level 10 in Crossbows
 32948 | D:12     | Reached skill level 10 in Throwing
 32948 | D:12     | Reached skill level 10 in Armour
 32948 | D:12     | Reached skill level 10 in Shields
 32948 | D:12     | Reached skill level 10 in Unarmed Combat
 32948 | D:12     | Reached skill level 10 in Evocations
 33503 | D:12     | Identified Nexill's Compendium of Cold and the Escort
 33571 | D:12     | Noticed Kirke
 33579 | D:12     | Killed Kirke
 33963 | D:13     | Found a transporter.
 34017 | D:13     | Noticed lunkers's ghost (journeyman FoEE)
 34029 | D:13     | Identified the cursed +1 dire flail "Feacaqax" {vorpal,
                  | rPois}
 34029 | D:13     | Identified the cursed +3 great mace of Terror {drain,
                  | rElec}
 34030 | D:13     | Found a transporter.
 34719 | D:13     | Found a gate to the Vaults.
 35081 | D:14     | Found a portal to a secret trove of treasure.
 35239 | D:14     | Noticed Snorg
 35267 | D:14     | Killed Snorg
 35277 | D:14     | Cast into level 3 of the Abyss (a wizard)
 35329 | Abyss:3  | Noticed a yellow draconian shifter
 35337 | Abyss:3  | Killed a yellow draconian shifter
 35432 | Abyss:3  | Noticed a tentacled starspawn
 35486 | Abyss:3  | Noticed a tentacled starspawn
 35530 | Abyss:3  | Found a corrupted altar of Lugonu.
 35588 | Abyss:3  | Blown up by a great orb of eyes

Illustrated notes

Levels and vault maps discovered:
D:1:      dpeg_arrival_three_bigger_balls, layout_basic, minmay_misc_feat_rows
D:2:      layout_loops_ring
D:3:      layout_loops_ring, old_standard_altar, yredelemnul_altar_generic,
          lemuel_angel_altar
D:4:      layout_basic, dancing_weapons_uskayaw, serial_shops, shop_statue
D:5:      layout_cave_pools, nicolae_ossuary_entry_giza, vehumet_altar_wand_db,
          uniq_pikel
D:6:      layout_loops_corners, grunt_temple_overflow_order_and_chaos_1,
          old_standard_altar, temple_statues
D:7:      layout_gridville, gammafunk_temple_overflow_wave, uniq_maggie
D:8:      layout_basic, kennysheep_mini, gammafunk_ghost_hive,
          minmay_misc_feat_nine_boxes, trog_eyes_of_draining
D:9:      layout_irregular_city, minmay_protected_statue
D:10:     cheibrodos_helix_gallery, layout_rooms,
          grunt_lair_entry_orc_guard_hut, serial_shops,
          nicolae_shop_behind_doors, uniq_fannar
D:11:     minmay_the_grid_square_5x5_5x5_mashed
          [minmay_the_grid_square_5x5_inner_z,
          minmay_the_grid_square_5x5_broken_cross,
          minmay_the_grid_square_5x5_three_small,
          minmay_the_grid_square_5x5_intrusive_squares,
          minmay_the_grid_square_5x5_bracketed,
          minmay_the_grid_square_5x5_inner_i,
          minmay_the_grid_square_5x5_prize_pseudospiral,
          minmay_the_grid_square_5x5_bridge,
          minmay_the_grid_square_5x5_prize_rear_guard,
          minmay_the_grid_square_5x5_z, minmay_the_grid_square_5x5_seven,
          minmay_the_grid_square_5x5_empty,
          minmay_the_grid_square_5x5_prize_deathbox,
          minmay_the_grid_square_5x5_fancy_junction,
          minmay_the_grid_square_5x5_hourglass,
          minmay_the_grid_square_5x5_tetrominoes,
          minmay_the_grid_square_5x5_prize_junk,
          minmay_the_grid_square_5x5_checkered,
          minmay_the_grid_square_5x5_prize_monsterx,
          minmay_the_grid_square_5x5_minibox, minmay_the_grid_square_5x5_comb,
          minmay_the_grid_square_5x5_n, minmay_the_grid_square_5x5_plus,
          minmay_the_grid_square_5x5_bite,
          minmay_the_grid_square_5x5_three_walls], layout_rooms, orc_0_dummy,
          uniq_psyche, uniq_erica
D:12:     layout_basic, uniq_jorgrun, uniq_kirke
D:13:     layout_small_grid, grunt_vaults_entry_fortified,
          gammafunk_ghost_smash, fungi_pond_lemuel
D:14:     layout_rooms, enter_trove_3, enter_bailey_3, chequers_garden,
          uniq_snorg
Temple:   cyrus_circular_temple
Lair:1:   layout_regular_city, serial_bayou_shore_b, lemuel_fruit_tree,
          grunt_megastairs_4, serial_bayou_shore_a, infiniplex_staircase_pool
Lair:2:   layout_roguey, minmay_shoals_entry_hut, gauntlet_entry_generic,
          minmay_lair_oklob_bushes, minmay_another_anthill, uniq_gastronok,
          uniq_sonja
Lair:3:   layout_loops_ring
Lair:4:   layout_cave_pods, spider_nest_entry_web_field, st_stairs_4,
          grunt_forest_small_clearings, minmay_stone_trees_small,
          grunt_megastairs_5, uniq_urug
Lair:5:   layout_roguey, slime_altar_1, grunt_megastairs_1, uniq_rupert
Lair:6:   grunt_lair_end_beastmaster, layout_cave_shapes,
          minmay_lair_oklob_chamber, lemuel_fruit_fields, serial_bayou_shore_b,
          serial_bayou_shore_b, lemuel_fruit_fields
Abyss:3:  base: Bailey, onia_ninara_dug_in_and_dangerous,
          nicolae_abyss_rune_star_stuff, evilmike_abyss_rune_tso_outpost,
          hangedman_abyss_or_decor_lesser_grid, grunt_abyss_rune_wretched_hive,
          evilmike_abyss_exit_plants, hangedman_abyss_rune_macabre_mess,
          evilmike_abyss_rune_siren_acolytes

Skill      XL: |  1  2  3  4  5  6  7  8  9 10 11 12 13 14 15 |
---------------+----------------------------------------------+-----
Transmutations | 2 3 4 5 6 7 8 9 |  9.1
Spellcasting   | 5 6 7 8 9 10 11 | 11.4
Invocations    | 1 2 3 4 5 6 7 8 9 10 11 | 11.2
Fighting       | 1 2 3 4 5 6 7 8 9 10 | 10.4
Short Blades   | 1 2 3 4 5 6 7 8 9 10 | 10.4
Long Blades    | 1 2 3 4 5 6 7 8 9 10 | 10.4
Axes           | 1 2 3 4 5 6 7 8 9 10 | 10.9
Maces & Flails | 1 2 3 4 5 6 7 8 9 10 | 10.4
Polearms       | 1 2 3 4 5 6 7 8 9 10 | 10.4
Staves         | 1 2 3 4 5 6 7 8 9 10 | 10.4
Slings         | 1 2 3 4 5 6 7 8 9 10 | 10.4
Bows           | 1 2 3 4 5 6 7 8 9 10 | 10.4
Crossbows      | 1 2 3 4 5 6 7 8 9 10 | 10.4
Throwing       | 1 2 3 4 5 6 7 8 9 10 | 10.4
Armour         | 1 2 3 4 5 6 7 8 9 10 | 10.4
Shields        | 1 2 3 4 5 6 7 8 9 10 | 10.4
Unarmed Combat | 1 2 3 4 5 6 7 8 9 10 | 10.4
Evocations     | 1 2 3 4 5 6 7 8 9 10 | 10.4
Conjurations   | 1 2 3 4 5 6 7 8 |  8.8
Hexes          | 1 2 3 4 5 6 7 8 |  8.8
Summonings     | 1 2 3 4 5 6 7 8 |  8.8
Necromancy     | 1 2 3 4 5 6 7 8 |  8.8
Translocations | 1 2 3 4 5 6 7 8 |  8.8
Fire Magic     | 1 2 3 4 5 6 7 8 |  8.8
Ice Magic      | 1 2 3 4 5 6 7 8 |  8.8
Air Magic      | 1 2 3 4 5 6 7 8 |  8.8
Earth Magic    | 1 2 3 4 5 6 7 8 |  8.8
Dodging        | 5 6 7 8 9 10 11 | 11.3
Stealth        | 5 6 7 8 9 10 11 | 11.1
Poison Magic   | 6 7 8 9 10 | 10.3

Action                   |  1- 3 |  4- 6 |  7- 9 | 10-12 | 13-15 || total
-------------------------+-------+-------+-------+-------+-------++-------
Melee: Hand axe          |     8 |    27 |   197 |       |       ||   232
       Bite              |     2 |     4 |    42 |    26 |    90 ||   164
       Punch             |       |       |     6 |     9 |     2 ||    17
       Lance             |       |       |    46 |   242 |   619 ||   907
 Cast: Sting             |    11 |     2 |    40 |     9 |     3 ||    65
       Poisonous Vapours |    47 |   113 |    90 |       |       ||   250
       Ignite Poison     |       |       |    30 |    64 |   142 ||   236
       Olgreb's Toxic Ra |       |       |    12 |    48 |   104 ||   164
       Mephitic Cloud    |       |       |       |     8 |    41 ||    49
       Statue Form       |       |       |       |       |    11 ||    11
Invok: Call Merchant     |       |       |       |       |     2 ||     2
 Abil: End Transformatio |       |       |       |       |     2 ||     2
Evoke: Wand              |       |       |       |     8 |    21 ||    29
  Use: Potion            |     1 |       |     2 |     1 |     6 ||    10
       Scroll            |       |     9 |     8 |    13 |    16 ||    46
 Stab: Sleeping          |       |       |    10 |    11 |     6 ||    27
       Distracted        |       |       |     1 |     3 |     5 ||     9
       Paralysed         |       |       |       |     5 |     6 ||    11
       Confused          |       |       |       |       |     2 ||     2
Armor: Robe              |     6 |     7 |    64 |    49 |    79 ||   205
       Skin              |       |       |       |       |    76 ||    76
Dodge: Dodged            |    17 |    50 |   226 |   198 |   357 ||   848
Block: Kite shield       |       |       |       |       |   334 ||   334

Table legend: (Time is in decaauts)
 A = Elapsed time spent in this place.
 B = Non-inter-level travel time spent in this place.
 C = Inter-level travel time spent in this place.
 D = Time resting spent in this place.
 E = Time spent auto-exploring this place.
 F = Levels seen in this place.
 G = Mean time per level.
                   A        B        C        D        E       F      G
               +--------+--------+--------+--------+--------+-----+--------+
         Total |  35759 |  34356 |   1403 |  11258 |  17597 |  24 | 1490.0 |
       Dungeon |  23262 |  22706 |    556 |   9176 |  10302 |  14 | 1661.6 |
        Temple |     66 |     45 |     21 |      0 |     43 |   1 |   66.0 |
          Lair |  10799 |   9973 |    826 |   1526 |   6923 |   6 | 1799.8 |
         Abyss |    325 |    325 |      0 |      0 |      0 |   1 |  325.0 |
       Ossuary |    299 |    299 |      0 |    114 |     21 |   1 |  299.0 |
      Gauntlet |   1005 |   1005 |      0 |    441 |    308 |   1 | 1005.0 |
               +--------+--------+--------+--------+--------+-----+--------+

Top non-repeatable levels by time:
     D:6: 7714 daAuts
  Lair:6: 2641 daAuts
  Lair:2: 2281 daAuts
    D:10: 1916 daAuts
  Lair:5: 1842 daAuts
  Lair:4: 1438 daAuts
     D:3: 1432 daAuts
  Lair:3: 1417 daAuts
     D:2: 1383 daAuts
    D:11: 1354 daAuts
    D:13: 1223 daAuts
     D:4: 1187 daAuts
  Lair:1: 1177 daAuts
     D:9: 1176 daAuts
    D:12: 1168 daAuts
